 Dungeon Crawl Stone Soup version 0.17-a0-1951-g62301d3 (webtiles) character file.

37802 4thArraOfDagon the Grappler (level 13, -1/110 (111) HPs)
             Began as a Ghoul Monk on Oct 2, 2015.
             Was a High Priest of Cheibriados.
             Rotted away (potion of mutation)
             ... in a wizard's laboratory.
             The game lasted 00:40:39 (7697 turns).

4thArraOfDagon the Grappler (Ghoul Monk)            Turns: 7697, Time: 00:40:39

HP:   -1/110 (111)  AC: 18    Str: 29 (33) XL:     13   Next: 99%
MP:   2/17          EV: 22    Int: 26      God:    Cheibriados [*****.]
Gold: 205           SH:  7    Dex: 28      Spells: 3 memorised, 12 levels left

rFire  . . .     SeeInvis .       - Unarmed
rCold  + . .     Clarity  .     w - +0 chain mail
rNeg   + + +     SustAt   .     y - +0 buckler {reflect}
rPois  ∞         Gourm    .     L - +0 helmet
rElec  .         Spirit   .     j - +1 cloak
rCorr  .         Warding  .     e - +0 pair of gloves of Guunepte {rN+++}
rMut   .         Stasis   .     i - +1 pair of boots
MR     .....                    q - amulet of faith
Stlth  +.........               J - +5 ring of strength
                                o - ring of wizardry

@: brilliant, agile, very slightly contaminated, rotting, very slow, not
resistant to hostile enchantments, very unstealthy
A: rotting body, claws 1, carnivore 3, cold resistance 1, negative energy
resistance 3, slow healing 1, torment resistance, unbreathing
a: Bend Time, Temporal Distortion, Slouch, Step From Time, Renounce Religion


You were in a wizard's laboratory.
You worshipped Cheibriados.
Cheibriados was extremely pleased with you.
You were not hungry.

You visited 4 branches of the dungeon, and saw 21 of its levels.
You also visited: Bailey and Wizlab.

You collected 969 gold pieces.
You spent 764 gold pieces at shops.

Inventory:

Hand weapons
 O - a +0 blowgun
 P - the +5 battleaxe of Corporal Punishment {holy, Str+2, unknown}
   (You found it on level 14 of the Dungeon)

   It has been blessed by the Shining One to cause great damage to the undead
   and demons.
   It affects your strength (+2).
Missiles
 g - 3 tomahawks (quivered)
 S - 6 curare-tipped needles
Armour
 e - the +0 pair of gloves of Guunepte (worn) {rN+++}
   (You acquired it on level 3 of the Orcish Mines)

   It renders you almost immune to negative energy.
 i - a +1 pair of boots (worn)
 j - a +1 cloak (worn)
 w - a +0 chain mail (worn)
 y - a +0 buckler of reflection (worn)
 L - a +0 helmet (worn)
Jewellery
 o - a ring of wizardry (left hand)
 q - an amulet of faith (around neck)
 E - a cursed ring of teleportation
 J - a +5 ring of strength (right hand)
Magical devices
 c - a wand of magic darts (29)
 k - a wand of frost (6)
 s - a wand of enslavement (0)
 t - a wand of polymorph (5)
 x - a wand of disintegration (15)
 D - a wand of fireball (7)
Scrolls
 d - 5 scrolls of enchant weapon
 h - a scroll of fear
 n - 5 scrolls of remove curse
 p - 2 scrolls of fog
 r - 2 scrolls of silence
 u - 3 scrolls of teleportation
 K - 2 scrolls of identify
Potions
 a - a potion of flight
 l - a potion of beneficial mutation
 v - a potion of cure mutation {unknown}
 B - 2 potions of mutation
 C - a potion of lignification
 F - a potion of brilliance
 G - a potion of curing
 M - a potion of cancellation
Miscellaneous
 I - a legendary deck of summoning {drawn: 1}
Comestibles
 b - 6 meat rations
 A - 18 royal jellies
 H - a slice of pizza


   Skills:
 - Level 9.4 Fighting
 + Level 8.0 Armour
 - Level 8.0 Dodging
 - Level 2.1 Stealth
 - Level 5.3 Shields
 * Level 14.9 Unarmed Combat
 - Level 2.6 Spellcasting
 * Level 2.9 Charms
 * Level 4.3 Necromancy
 - Level 3.6 Translocations
 - Level 7.0 Invocations
 - Level 5.1 Evocations


You had 12 spell levels left.
You knew the following spells:

 Your Spells              Type           Power        Failure   Level  Hunger
a - Apportation           Tloc           #####.....   1%          1    None
b - Animate Skeleton      Necr           N/A          1%          1    None
c - Regeneration          Chrm/Necr      #####.....   4%          3    ###....


Dungeon Overview and Level Annotations

Branches:
Dungeon (15/15)            Temple (1/1) D:6             Orc (4/4) D:12
    Elf (1/3) Orc:4
   Lair: D:8-11      Vaults: D:13-14     Depths: D:15

Altars:
Ashenzari
Cheibriados
Dithmenos
Elyvilon
Fedhas
Kikubaaqudgha
Makhleb
Okawaru
Qazlal
Vehumet
Xom
Yredelemnul
The Shining One
Beogh

Shops:
D:11 %=   D:12 (   Orc:4 }}[:   Elf:1 :

Annotations:
D:6 B1inky's ghost, experienced OpMo
D:7 Prince Ribbit
D:8 Maurice
D:14 exclusion: downstairs


Innate Abilities, Weirdness & Mutations

Your body is rotting away.
You thrive on raw meat.
You are immune to poison.
You have sharp fingernails.
You are carnivorous and can eat meat at any time.
Your flesh is cold resistant.
You are immune to negative energy.
You heal slowly when monsters are visible.
You are immune to unholy pain and torment.
You can survive without breathing.


Message History

Press: ? - help, Shift-Dir - straight line The rock wall explodes into countless fragments.
This wand has 15 charges left.
The hill giant zombie closely misses you.
Unknown command.
The hill giant zombie barely misses you.
Unknown command.
You pummel the hill giant zombie!!
Drink which item? (? for menu, Esc to quit)
It was a potion of brilliance.
You feel clever all of a sudden. The hill giant zombie hits you.
* * * LOW HITPOINT WARNING * * *
Unknown command.
Drink which item? (? for menu, Esc to quit)
It was a potion of mutation.
You feel extremely strange.
Your body decomposes!
You feel weakened.
Your body decomposes!
You die...

#.......########
#♣......#
#......##
#♣...### ♣...#
♣...# ##♣...#
##Zz...#
#@#....#
###....# #..z)#
. #....### #.
#♣..z).##


.zz #....!.)# #.. #♣......####'### ♣♣.....)..⌠.⌠.. ♣♣....)...∩... You could see
a skeletal warrior and a hill giant zombie.

Vanquished Creatures
  The ghost of PeterLawrence the Fighter, a powerful MiFi of Okawaru (Orc:3)
  Josephine (Orc:2)
  A hydra (D:13)
  2 centaur warriors (D:13)
  3 ogre magi (Orc:4)
  A small abomination (Elf:1)
  4 deep elf knights
  4 skeletal warriors (WizLab)
  An unseen horror (D:13)
  4 deep elf conjurers (Elf:1)
  2 deep elf summoners (Elf:1)
  2 hill giants
  An ugly thing (D:13)
  3 cyclopes (D:12)
  3 slime creatures (D:13)
  A griffon (D:13)
  A deep elf priest (Elf:1)
  A komodo dragon (D:12)
  9 two-headed ogres (Orc:4)
  A queen bee (D:9)
  A shadow (D:13)
  4 vampires (WizLab)
  6 wraiths
  A water elemental (D:12)
  A wyvern (D:11)
  11 deep elf magi
  2 hippogriffs
  5 hill giant zombies (WizLab)
  5 humans
  2 hungry ghosts (D:13)
  10 deep elf fighters
  6 yaks (D:14)
  A hog (Orc:2)
  A steam dragon (D:12)
  A warg (Orc:1)
  3 vampire mosquitoes (D:13)
  Edmund (D:4)
  7 orc warriors
  3 sky beasts
  A black bear (D:9)
  An ice beast (D:6)
  A necrophage (D:9)
  24 ogres
  8 centaurs (D:13)
  2 big kobolds (D:13)
  2 crocodiles
  3 giant frogs
  A wyvern skeleton (D:13)
  11 scorpions
  4 wights (WizLab)
  7 troll zombies (WizLab)
  2 electric eels (D:12)
  33 killer bees
  2 giant frog zombies
  6 crimson imps
  5 jellies
  2 quasits
  14 orc priests
  3 hounds
  2 centaur zombies
  12 orc wizards
  A giant frog skeleton (D:13)
  Natasha (D:2)
  A centaur skeleton (D:9)
  4 iguanas
  A worker ant (D:8)
  6 ogre zombies (WizLab)
  2 hound skeletons
  5 adders
  6 gnolls (D:5)
  2 adder zombies
  5 oozes (D:8)
  A worm (D:4)
  4 giant geckos
  87 orcs
  5 bats
  5 goblins
  A ball python (D:4)
  2 giant cockroaches
  A giant cockroach zombie (D:5)
  3 giant newts
  11 kobolds
  2 quokkas
  A quokka skeleton (D:5)
  A rat (D:2)
421 creatures vanquished.

Vanquished Creatures (collateral kills)
  2 two-headed ogres (Orc:4)
  2 deep elf fighters (Elf:1)
  An ogre (Orc:4)
  An orc warrior (Orc:4)
  2 orcs (Orc:4)
8 creatures vanquished.

Vanquished Creatures (others)
  A deep elf knight (Elf:1)
  An orc wizard (D:13)
  4 orcs (D:13)
6 creatures vanquished.

Grand Total: 435 creatures vanquished

Notes
Turn   | Place    | Note
--------------------------------------------------------------
     0 | D:1      | 4thArraOfDagon the Ghoul Monk began the quest for the Orb.
     0 | D:1      | Reached XP level 1. HP: 19/19 MP: 0/0
    52 | D:2      | Reached XP level 2. HP: 15/26 MP: 1/1
   179 | D:2      | Noticed Natasha
   190 | D:2      | Killed Natasha
   190 | D:2      | Reached skill level 5 in Unarmed Combat
   190 | D:2      | Reached XP level 3. HP: 22/33 MP: 2/2
   338 | D:4      | Reached XP level 4. HP: 30/40 MP: 3/3
   431 | D:5      | Entered Level 5 of the Dungeon
   523 | D:5      | Reached XP level 5. HP: 36/46 MP: 4/4
   753 | D:6      | Reached skill level 6 in Unarmed Combat
   766 | D:6      | Noticed a sky beast
   781 | D:6      | Killed a sky beast
   781 | D:6      | Reached XP level 6. HP: 25/53 MP: 5/5
   917 | D:7      | Noticed a two-headed ogre
   918 | D:7      | Noticed Prince Ribbit
   944 | D:8      | Found a shadowy altar of Dithmenos.
   998 | D:8      | Noticed Maurice
  1148 | D:7      | Reached skill level 1 in Armour
  1170 | D:7      | Reached skill level 5 in Fighting
  1170 | D:7      | Reached skill level 7 in Unarmed Combat
  1170 | D:7      | Reached XP level 7. HP: 26/61 MP: 6/6
  1263 | D:7      | Found a blossoming altar of Fedhas.
  1277 | D:6      | Noticed a human
  1277 | D:6      | Noticed a human
  1278 | D:6      | Noticed a human
  1279 | D:6      | Noticed a human
  1288 | D:6      | Noticed a human
  1320 | D:5      | Killed a human
  1353 | D:6      | Noticed B1inky's ghost (experienced OpMo)
  1437 | D:4      | Noticed a scorpion
  1441 | D:4      | Noticed a scorpion
  1441 | D:4      | Noticed a scorpion
  1456 | D:4      | Killed a scorpion
  1460 | D:4      | Killed a scorpion
  1466 | D:4      | Killed a scorpion
  1480 | D:4      | Noticed an ogre
  1767 | D:5      | Found a white marble altar of Elyvilon.
  1767 | D:5      | Found an iron altar of Okawaru.
  1768 | D:5      | Found a shimmering altar of Xom.
  1877 | D:6      | Found a basalt altar of Yredelemnul.
  1877 | D:6      | Noticed an ice beast
  1895 | D:6      | Killed an ice beast
  1895 | D:6      | Reached XP level 8. HP: 53/70 MP: 7/7
  2152 | D:5      | Killed a human
  2152 | D:5      | Reached skill level 8 in Unarmed Combat
  2152 | D:5      | Reached skill level 1 in Evocations
  2176 | D:6      | a human changed into a soldier ant
  2238 | D:6      | Noticed a human
  2256 | D:5      | Killed a human
  2341 | D:6      | Noticed an ogre
  2349 | D:6      | Killed an ogre
  2397 | D:6      | Noticed a sky beast
  2410 | D:6      | Killed a sky beast
  2410 | D:6      | Reached skill level 5 in Dodging
  2495 | D:6      | Killed a human
  2530 | D:6      | Found a staircase to the Ecumenical Temple.
  2545 | Temple   | Entered the Ecumenical Temple
  2553 | Temple   | Became a worshipper of Cheibriados the Contemplative
  2553 | Temple   | Acquired Cheibriados's first power
  2665 | D:4      | Noticed Edmund
  2676 | D:4      | Noticed a scorpion
  2685 | D:4      | Killed an ogre
  2687 | D:4      | Noticed a scorpion
  2695 | D:4      | Killed a scorpion
  2695 | D:4      | Reached skill level 9 in Unarmed Combat
  2695 | D:4      | Reached XP level 9. HP: 38/77 MP: 9/9
  2700 | D:4      | Killed a scorpion
  2741 | D:4      | Killed Edmund
  2853 | D:7      | Reached skill level 1 in Invocations
  3069 | D:9      | Acquired Cheibriados's second power
  3122 | D:8      | Found a radiant altar of Vehumet.
  3286 | D:9      | Acquired Cheibriados's third power
  3355 | D:9      | Reached skill level 10 in Unarmed Combat
  3399 | D:9      | Killed a human
  3417 | D:9      | Noticed a queen bee
  3434 | D:9      | Killed a queen bee
  3434 | D:9      | Reached XP level 10. HP: 31/86 MP: 11/11
  3494 | D:9      | Acquired Cheibriados's fourth power
  3586 | D:9      | Noticed a hippogriff
  3593 | D:9      | Killed a hippogriff
  3672 | D:10     | Entered Level 10 of the Dungeon
  3877 | D:11     | Found Ifejupso's Food Boutique.
  3886 | D:12     | Noticed a cyclops
  3895 | D:12     | Reached skill level 5 in Armour
  3930 | D:12     | Killed a cyclops
  3930 | D:12     | Reached skill level 11 in Unarmed Combat
  3950 | D:11     | Noticed a hill giant
  3956 | D:11     | Killed a hill giant
  3997 | D:11     | Found Gotit's Jewellery Boutique.
  4009 | D:11     | Bought a cursed ring of teleportation for 188 gold pieces
  4206 | D:12     | Noticed a cyclops
  4227 | D:12     | Killed a cyclops
  4227 | D:12     | Reached skill level 5 in Invocations
  4227 | D:12     | Reached XP level 11. HP: 16/95 MP: 2/13
  4264 | D:12     | Found a staircase to the Orcish Mines.
  4268 | D:12     | Found Xoilaer's Antique Weapon Boutique.
  4272 | D:12     | Noticed a cyclops
  4281 | D:12     | Killed a cyclops
  4453 | D:13     | Noticed a centaur warrior
  4464 | D:13     | Killed a centaur warrior
  4536 | D:13     | Reached skill level 12 in Unarmed Combat
  4576 | D:13     | Noticed a centaur warrior
  4583 | D:13     | Killed a centaur warrior
  4997 | D:13     | Killed an unseen horror
  5048 | D:13     | Noticed an eight-headed hydra
  5048 | D:13     | Reached XP level 12. HP: 98/104 MP: 15/15
  5058 | D:13     | Killed an eight-headed hydra
  5246 | D:14     | Reached skill level 13 in Unarmed Combat
  5297 | D:14     | Learned a level 1 spell: Apportation
  5299 | D:14     | Learned a level 1 spell: Animate Skeleton
  5367 | D:14     | Got a steaming battleaxe
  5418 | D:15     | Entered Level 15 of the Dungeon
  5445 | D:15     | Noticed a five-headed hydra
  5499 | Orc:1    | Entered Level 1 of the Orcish Mines
  5590 | Orc:2    | Noticed Sonja
  5593 | Orc:2    | Noticed Sonja
  5593 | Orc:2    | Sonja changed into Sonja the hog
  5600 | Orc:2    | Killed Sonja the hog
  5854 | Orc:3    | Reached skill level 1 in Translocations
  5902 | Orc:3    | Found a roughly hewn altar of Beogh.
  5902 | Orc:3    | Noticed PeterLawrence's ghost (powerful MiFi)
  5924 | Orc:3    | Killed PeterLawrence's ghost
  5924 | Orc:3    | Reached skill level 5 in Evocations
  5938 | Orc:3    | Identified 2 scrolls of acquirement
  5939 | Orc:3    | Got a pair of warped gloves
  5945 | Orc:3    | Identified the +0 pair of gloves of Guunepte {rN+++} (You acquired it on level 3 of the Orcish Mines)
  5945 | Orc:3    | :)
  5979 | Orc:3    | Reached skill level 1 in Spellcasting
  6011 | Orc:3    | Found a flagged portal.
  6032 | Bailey   | Entered a bailey
  6070 | Bailey   | Reached skill level 1 in Shields
  6332 | Orc:2    | Reached skill level 1 in Necromancy
  6358 | Orc:2    | Noticed Josephine
  6368 | Orc:2    | Killed Josephine
  6442 | Orc:4    | Entered Level 4 of the Orcish Mines
  6568 | Orc:4    | Found a staircase to the Elven Halls.
  6578 | Orc:4    | Noticed an ogre mage
  6607 | Orc:4    | Killed an ogre mage
  6611 | Orc:4    | Reached XP level 13. HP: 78/111 MP: 17/17
  6641 | Orc:4    | Noticed an ogre mage
  6693 | Orc:4    | Killed an ogre mage
  6731 | Orc:4    | Noticed an ogre mage
  6751 | Orc:4    | Killed an ogre mage
  6751 | Orc:4    | Reached skill level 14 in Unarmed Combat
  6811 | Orc:4    | Found Dij Cytocw's Book Emporium.
  6811 | Orc:4    | Found Cakay's Gadget Boutique.
  6812 | Orc:4    | Found Voedaur's Armour Boutique.
  6812 | Orc:4    | Found Ugyijoq's Gadget Shoppe.
  6890 | Elf:1    | Entered Level 1 of the Elven Halls
  6929 | Elf:1    | HP: 4/111 [demonic crawler[a deep elf summoner] (5)]
  7024 | Elf:1    | Noticed an ettin
  7058 | Elf:1    | Found Hequs's One-of-a-Kind Books.
  7080 | Elf:1    | Bought Witchcraft in Simple Steps for 576 gold pieces
  7084 | Elf:1    | Learned a level 3 spell: Regeneration
  7124 | Elf:1    | Reached skill level 5 in Shields
  7124 | Elf:1    | Reached skill level 1 in Charms
  7237 | Elf:1    | Found a magical portal.
  7313 | WizLab   | Entered Zonguldrok's Shrine
  7696 | WizLab   | HP: 2/110 [hill giant zombie (6)]
  7697 | WizLab   | Rotted away (potion of mutation)

Vault maps used:
D:1:      saegor_arrival_simple_e
D:2:      hangedman_ru_absence, uniq_natasha, uniq_jessica, uniq_terence
D:4:      old_forge, first_bread, uniq_edmund
D:5:      gammafunk_temple_overflow_claw
D:6:      yredelemnul_altar_generic, temple_hall, minmay_misc_feat_alley,
          minmay_ruffians
D:7:      grunt_ministairs_11, fedhas_altar_4, uniq_prince_ribbit1,
          uniq_crazy_yiuf_cottage
D:8:      vehumet_altar_wand_db, grunt_dithmenos_smoke_and_mirrors,
          serial_shops, nicolae_shop_temple_entry_statues_fountains,
          hangedman_little_slice_of_home, uniq_maurice, uniq_erolcha,
          uniq_psyche
D:9:      minivault_7
D:10:     lair_0_dummy
D:11:     serial_shops, nicolae_shop_stone, shop, nicolae_shop_statue_plus,
          shop, nicolae_shop_behind_doors, nicolae_lava_and_water, uniq_fannar
D:12:     serial_shops, shop, st_stairs_1, bh_hangedman_babel_library
D:13:     lemuel_flamethrower_hall
D:14:     lightli_vaults_fourway_checkpoint, hangedman_decor_peaks_small,
          serial_shops, nicolae_shop_temple_entry_statues_fountains,
          corexii_hall_statues_i, minivault_16
D:15:     grunt_enter_depths_hoard, serial_park_avenue1, jmf_multi_god_temple2
Temple:   circular_temple_12
Orc:1:    serial_shops, shop
Orc:2:    uniq_josephine, uniq_sonja
Orc:3:    orc_temple, enter_bailey_5, basic_altar, nicolae_orc_pool_cavern
Orc:4:    st_orc_ogre_mass, library_closet
Elf:1:    nicolae_trove_entry_path_of_doom, serial_shops, nicolae_shop_crystal,
          lightli_enter_wizlab_magi_temple, basic_altar, evilmike_minifort,
          wad_floor_pattern_untrapped, nicolae_rare_books
Bailey:   bailey_polearm_3, bailey
WizLab:   wizlab_zonguldrok

Action                   |  1- 3 |  4- 6 |  7- 9 | 10-12 | 13-15 || total
-------------------------+-------+-------+-------+-------+-------++-------
Melee: Unarmed           |    50 |   118 |   382 |   668 |   425 ||  1643
Throw: Throwing net      |     1 |     1 |     3 |       |       ||     5
       Tomahawk          |       |       |     3 |       |       ||     3
 Cast: Animate Skeleton  |       |       |       |     4 |    21 ||    25
       Regeneration      |       |       |       |       |    19 ||    19
Invok: Slouch            |       |       |       |    10 |     7 ||    17
       Temporal Distorti |       |       |       |       |     4 ||     4
Evoke: Wand              |       |       |    11 |    19 |     2 ||    32
       Deck              |       |       |       |     1 |       ||     1
  Use: Potion            |     2 |       |       |     1 |     4 ||     7
       Scroll            |     1 |     3 |     2 |    20 |     2 ||    28
 Stab: Sleeping          |     1 |       |     1 |       |       ||     2
       Held in net/web   |       |     1 |     1 |       |       ||     2
       Distracted        |       |       |     1 |     2 |     1 ||     4
  Eat: Chunk             |     1 |    23 |    28 |    74 |    34 ||   160
